 Dungeon Crawl Stone Soup version 0.24-a0-439-g6dd8730de2 (webtiles) character file.

Game seed: 10915837222908108974

5 JellyEater the Digger (level 1, 0/10 HPs)
             Began as a Gargoyle Earth Elementalist on June 18, 2019.
             Slain by a hobgoblin (1 damage)
             ... on level 1 of the Dungeon.
             The game lasted 00:00:50 (79 turns).

JellyEater the Digger (Gargoyle Earth Elementalist)   Turns: 79, Time: 00:00:51

Health: 0/10       AC:  4    Str: 11    XL:     1   Next: 80%
Magic:  1/3        EV: 12    Int: 15    God:
Gold:   0          SH:  0    Dex: 10    Spells: 3/4 levels left

rFire    . . .     SeeInvis .   (no weapon)
rCold    . . .     Gourm    .   (no shield)
rNeg     + . .     Faith    .   c - +0 robe
rPois    ∞         Spirit   .   (no helmet)
rElec    +         Reflect  .   (no cloak)
rCorr    .         Harm     .   (no gloves)
MR       .....                  (no boots)
Stlth    ++........             (no amulet)
HPRegen  0.03/turn              (no ring)
MPRegen  0.08/turn              (no ring)

@: no status effects
A: negative energy resistance 1, electricity resistance, unbreathing,
petrification resistance, rot immunity, AC +2
a: no special abilities


You were on level 1 of the Dungeon.
You were not hungry.

You visited 1 branch of the dungeon, and saw 1 of its levels.

Inventory:

Missiles
 b - 23 stones (quivered)
Armour
 c - a +0 robe (worn)
Comestibles
 a - 2 chunks of flesh
 d - a ration


   Skills:
 - Level 1.5 Dodging
 - Level 2.1 Stealth
 + Level 2.2 Spellcasting
   Level 0.7 Transmutations
 + Level 3.9 Earth Magic


You had 3 spell levels left.
You knew the following spells:

 Your Spells              Type           Power        Failure   Level  Hunger
a - Sandblast             Erth           ##....       4%          1    #......

Your spell library contained the following spells:

 Spells                   Type           Power        Failure   Level  Hunger
 Passwall                 Tmut/Erth      #.......     13%         2    ###....
 Stone Arrow              Conj/Erth      #.....       28%         3    ###....
 Petrify                  Tmut/Erth      #.......     63%         4    #####..
 Lee's Rapid Deconstruct  Erth           ##........   77%         5    ######.


Dungeon Overview and Level Annotations

Branches:
Dungeon (1/15)

Altars:


Innate Abilities, Weirdness & Mutations

You are resistant to torment.
Your stone body is resilient. (AC +2)
You are immune to poison.
You resist negative energy. (rN+)
You are resistant to electric shocks. (rElec)
You can survive without breathing.
You are immune to petrification.
You are immune to rotting.


Message History

The rat bites you. The rat completely misses you.
A hobgoblin comes into view.
The giant cockroach completely misses you.
The hobgoblin shouts!
The rat misses you.
Found a scroll labeled JOENOE AGUOGGI.
The rat misses you.
You hit the hobgoblin.
The hobgoblin is moderately wounded.
The giant cockroach bites you.
* * * LOW HITPOINT WARNING * * *
The rat bites you.
* * * LOW HITPOINT WARNING * * *
The hobgoblin hits you but does no damage.
The giant cockroach closely misses you.
The rat twitches its whiskers.
The hobgoblin closely misses you. The hobgoblin hits you.
You die...

# #.......########..w(
#.###......# #....##....
.......g##.# #....##....
..##?...##.###....####.#
#....##.#.....s#.....
#..r.##w#.#...w..####
##..s##g..#.....##
#rrg#########÷÷# #..@#
##...§..## #...#
#..≈≈§≈..#### #...#
#§§≈≈§.≈..... #..?#
#.≈≈><≈≈.....
#........≈§≈≈≈≈.....
#######...≈≈≈§...##.
#.....§§..## #
###########


You could see a giant cockroach, a hobgoblin, a goblin and 3 rats.

Vanquished Creatures
  A leopard gecko (D:1)
  A giant cockroach (D:1)
  2 bats (D:1)
  A frilled lizard (D:1)
5 creatures vanquished.

Notes
Turn   | Place    | Note
-------+----------+-------------------------------------------
     0 | D:1      | JellyEater the Gargoyle Earth Elementalist began the quest
                  | for the Orb.
     0 | D:1      | Reached XP level 1. HP: 10/10 MP: 3/3
    79 | D:1      | Slain by a hobgoblin

Levels and vault maps discovered:
D:1:      dpeg_arrival_pits, layout_basic, minmay_cupped

Action                   || total
-------------------------++-------
Melee: Unarmed           ||     1
 Cast: Sandblast         ||     7
Armor: Robe              ||     5
Dodge: Dodged            ||    11

Table legend:
 A = Non-vault XP
 B = Vault XP
 C = Vault XP percentage of total XP
 D = Non-vault monster count
 E = Vault monster count
 F = Vault count percentage of total count
                 A         B        C        D         E       F
            +---------+---------+-------+---------+---------+-------
      Total |       8 |       0 |   0.0 |       5 |       0 |   0.0
            +---------+---------+-------+---------+---------+-------
        D:1 |       8 |       0 |   0.0 |       5 |       0 |   0.0
            +---------+---------+-------+---------+---------+-------
